cohdb
Replays
Latest Replays
All Replays
Popular Replays
Top Player Replays
Match Explorer
How It Works
Community
CoH3 Stats
Reddit
Sign in to upload your games and track your stats! →
Sign in with Steam
Match 43604735
Unlisted
Match 43604735
Overview
Messages
Build Orders
End
Vickers Machine Gun Team
Selects Canadian Shock Battlegroup
Construct Section Command Post
Infantry Section
ML 3-inch Mortar Team
Grenade Package
Selects Attacking Spirit
Selects Canadian Shock Section
Canadian Shock Section
Royal Engineer Section
Construct Platoon Command Post
Selects Burnout
Burnout
Unlock M3 Stuart Light Tanks
6-pounder Anti-tank Gun Team
M3 Stuart Light Tank
Burnout
Selects Pyrotechnics
Unlock Bishop Self-propelled Artillery
6-pounder Anti-tank Gun Team
AI Takeover
XxJohnRedcornxX
DarkLord
juve1975
Smorrebrod
FoxHound
Luck und Leder
Feichti [A&O]
Fuzy
0
0
Comments
sign in to comment!
No comments posted yet!